 Dungeon Crawl Stone Soup version 0.28.0 (webtiles) character file.

Game seed: 10907254169704243389

240 GrandestGuy the Covered (level 6, -15/39 HPs)
             Began as a Gargoyle Fighter on Feb 7, 2022.
             Killed by divine providence
             ... invoked by an orc priest
              (17 damage)
             ... on level 4 of the Dungeon.
             The game lasted 00:07:43 (420 turns).

GrandestGuy the Covered (Gargoyle Fighter)           Turns: 420, Time: 00:07:43

Health: -15/39     AC: 11    Str: 28    XL:     6   Next: 8%
Magic:  6/6        EV:  9    Int:  8    God:
Gold:   39         SH:  4    Dex:  9    Spells: 5/5 levels left

rFire   . . .      SeeInvis .   a - +0 long sword
rCold   . . .      Faith    .   c - +0 buckler
rNeg    + . .      Spirit   .   h - +0 scale mail
rPois   ∞          Reflect  .   (no helmet)
rElec   +          Harm     .   (no cloak)
rCorr   .          Rampage  .   (no gloves)
Will    .....                   (no boots)
Stlth   ..........              (no amulet)
HPRegen 0.13/turn               d - +6 ring of strength
MPRegen 0.10/turn               (no ring)

@: no status effects
A: sickness immunity, AC +4, negative energy resistance 1, electricity
resistance, torment resistance 1, petrification resistance
a: no special abilities


You were on level 4 of the Dungeon.
You visited 1 branch of the dungeon, and saw 4 of its levels.
You also visited: Sewer.

You collected 39 gold pieces.

Inventory:

Hand Weapons
 a - a +0 long sword (weapon)
 i - a +0 scythe
 k - a +0 flail
Armour
 b - a +0 scale mail
 c - a +0 buckler (worn)
 h - a +0 scale mail (worn)
 j - a +0 robe
Jewellery
 d - a +6 ring of strength (left hand)
Scrolls
 e - 2 scrolls of enchant armour {unknown}
 g - 2 scrolls of teleportation {unknown}
Potions
 f - a potion of curing {unknown}


   Skills:
 + Level 4.5 Fighting
 + Level 3.2 Long Blades
 + Level 4.5 Armour
 + Level 0.1 Dodging
 + Level 4.5 Shields


You had 5 spell levels left.
You didn't know any spells.
Your spell library was empty.

Dungeon Overview and Level Annotations

Branches:
Dungeon (4/15)              Sewer (visited)
 Temple: D:4-7

Altars:


Innate Abilities, Weirdness & Mutations

You are immune to sickness and miasma.
Your stone body is resilient. (AC +4)
You are immune to poison.
You resist negative energy. (rN+)
You are resistant to electric shocks. (rElec)
You are resistant to unholy torment.
You are immune to petrification.


Message History

The orc hits you but does no damage. The orc misses you.
The orc closely misses you. The orc hits you but does no damage.
Things that are here:
a +0 club; a kobold corpse A rat comes into view.
There is an escape hatch in the floor here.
The orc hits you with a +0 flail.
* * * LOW HITPOINT WARNING * * *
You slide downwards.
The hatch slams shut behind you.
You barely miss the dart slug. The orc barely misses you.
You slash the dart slug!
You kill the dart slug!
The orc hits you with a +0 flail.
* * * LOW HITPOINT WARNING * * *
The orc closely misses you.
You slash the ball python!
You kill the ball python!
The orc hits you with a +0 flail.
* * * LOW HITPOINT WARNING * * *
You see here a ball python corpse.
You hit the orc.
The orc is moderately wounded.
The orc hits you but does no damage.
You completely miss the orc.
The orc is moderately wounded.
The orc closely misses you. The orc hits you but does no damage.
You slash the orc!
You kill the orc!
You see here a +0 flail.
k - a +0 flail
k - a +0 flail (weapon)
a - a +0 long sword (weapon)
You can't wield that with only one hand.
An orc and an orc priest come into view.
Found 12 gold pieces.
The orc shouts!
You hear a shout! x3
The orc priest calls down the wrath of Beogh upon you.
Beogh smites you!
You die...

######
##.....##
........##
.........#
.........#
........†#
.......@.#
.........#
.........#
$.......##
.......#o
##..... o
.....## #
####.


You could see an orc priest and an orc.

Vanquished Creatures
  Sigmund (D:2)
  An orc wizard (D:3)
  3 adders
  A dart slug (D:4)
  An orc (D:4)
  2 ball pythons
  A bat (D:1)
  An endoplasm (D:1)
  2 giant cockroaches (D:3)
  2 goblins (D:2)
  3 quokkas
  2 kobolds
20 creatures vanquished.

Notes
Turn   | Place    | Note
-------+----------+-------------------------------------------
     0 | D:1      | GrandestGuy the Gargoyle Fighter began the quest for the
                  | Orb.
     0 | D:1      | Reached XP level 1. HP: 14/14 MP: 1/1
   101 | D:2      | Reached XP level 2. HP: 12/19 MP: 2/2
   114 | D:2      | Noticed Sigmund
   150 | D:2      | Reached XP level 3. HP: 10/23 MP: 3/3
   274 | D:2      | Killed Sigmund
   275 | D:2      | Reached XP level 4. HP: 4/30 MP: 4/4
   275 | D:2      | Reached XP level 5. HP: 5/34 MP: 5/5
   326 | D:3      | Found a glowing drain.
   357 | Sewer    | Entered a sewer
   399 | D:3      | Reached XP level 6. HP: 12/39 MP: 6/6
   411 | D:4      | HP: 1/39 [orc (6)]
   420 | D:4      | Killed from afar by an orc priest

Illustrated notes

Levels and vault maps discovered:
D:1:      lightli_molten_gateway, layout_loops_ring,
          hellmonk_ecumenical_altar_leap_of_faith, serial_shops,
          nicolae_shop_overgrown_old_shop
D:2:      layout_loops_ring, uniq_sigmund
D:3:      layout_loops_ring, portal_sewer_entry_a
D:4:      minmay_chambers_of_twos, layout_rooms, kennysheep_little_box,
          minivault_26

Skill      XL: |  1  2  3 |
---------------+----------+-----
Fighting       | 4 |  4.5
Long Blades    | 3 |  3.2
Armour         | 4 |  4.5
Shields        | 4 |  4.5
Dodging        | |  0.1

Action                   |  1- 3 |  4- 6 || total
-------------------------+-------+-------++-------
Melee: Long sword        |    36 |    21 ||    57
  Use: Potion            |     1 |       ||     1
Armor: Scale mail        |    24 |    16 ||    40
Dodge: Dodged            |    16 |    14 ||    30
Block: Buckler           |    10 |     3 ||    13
